 Dungeon Crawl Stone Soup version 0.14-a0-1388-g200237c (webtiles) character file.

294 Jenx the Firebug (level 4, 0/35 HPs)
             Began as a Djinni Fire Elementalist on Dec 9, 2013.
             Slain by a giant mite (1 damage)
             ... on Level 4 of the Dungeon.
             The game lasted 00:19:53 (4890 turns).

Jenx the Firebug (Djinni Fire Elementalist)         Turns: 4890, Time: 00:19:53

HP   0/35        AC  3     Str  8      XL: 4   Next: 85%
MP   0/0         EV 11     Int 17      God:
Gold 167         SH  9     Dex 13      Spells:  3 memorised,  1 level left

rFire  + + +     SeeInvis .     d - +1 mace
rCold  x . .     Clarity  .     a - +0 robe
rNeg   + + +     Conserve .     g - +2 buckler
rPois  .         rCorr    .     (no helmet)
rElec  .         rRot     .     c - +0 cloak
SustAb . .       Spirit   .     (no gloves)
rMut   .         Warding  .     (boots unavailable)
Saprov . . .     Stasis   .     (no amulet)
                                (no ring)
                                (no ring)

@: flying, mildly poisoned, slightly resistant to hostile enchantments, fairly
stealthy
A: fire immunity, cold vulnerability, life protection 3
a: no special abilities


You were on level 4 of the Dungeon.
You were not hungry.

You visited 1 branch of the dungeon, and saw 5 of its levels.

You collected 167 gold pieces.

Inventory:

Hand weapons
 d - a +1,+1 mace (weapon)
 u - a +1,+1 dagger of speed
Missiles
 h - 36 darts (quivered)
Armour
 a - a +0 robe (worn)
 c - a +0 cloak (worn)
 g - a +2 buckler (worn)
Magical devices
 s - a wand of confusion (3)
Comestibles
 l - a royal jelly
Scrolls
 e - a scroll of enchant weapon II {unknown}
 j - a scroll of blinking {unknown}
 k - a scroll of curse armour {unknown}
 m - a scroll of teleportation {unknown}
 n - a scroll of amnesia {unknown}
 p - a scroll of remove curse {unknown}
 r - a scroll of identify {unknown}
 v - a scroll of fog {unknown}
Jewellery
 o - an uncursed ring of see invisible {unknown}
 w - an uncursed ring of sustenance {unknown}
Potions
 f - a potion of speed {unknown}
 i - a potion of cure mutation {unknown}
 q - a potion of agility {unknown}
 t - a potion of restore abilities
 x - a potion of paralysis {unknown}
Books
 b - a book of Flames

   Spells                             Type                      Level
   *Flame Tongue                      Conjuration/Fire             1
   *Throw Flame                       Conjuration/Fire             2
   *Conjure Flame                     Conjuration/Fire             3
   Inner Flame                        Hexes/Fire                   3
   Sticky Flame                       Conjuration/Fire             4
   Fireball                           Conjuration/Fire             5


   Skills:
 - Level 1.7 Dodging
 - Level 1.5 Stealth
 - Level 2.4 Spellcasting
 - Level 2.0 Conjurations
 * Level 7.1 Fire Magic


You had one spell level left.
You knew the following spells:

 Your Spells              Type           Power        Failure   Level  Hunger
a - Flame Tongue          Conj/Fire      ###..        3%          1    #......
b - Throw Flame           Conj/Fire      ###...       6%          2    ##.....
c - Conjure Flame         Conj/Fire      ###.....     12%         3    ###....


Dungeon Overview and Level Annotations

Branches:
Dungeon (5/16)
 Temple: D:4-7

Altars:

Annotations:
D:2 Terrance, Terence
D:4 prince ribbit, Prince Ribbit


Innate Abilities, Weirdness & Mutations

You are immune to all types of fire, even holy and hellish.
You are vulnerable to cold.
You need no food.
You have no legs.
You are immune to negative energy.


Message History

The giant mite barely misses you. The crimson imp misses you.
You closely miss the crimson imp.
The crimson imp is moderately wounded.
The giant mite bites you.
* * * LOW HITPOINT WARNING * * *
You are poisoned.
The giant mite poisons you! The crimson imp closely misses you.
The giant mite bites you.
* * * LOW HITPOINT WARNING * * *
The crimson imp closely misses you.
You miss the crimson imp.
The crimson imp is lightly wounded.
* * * LOW HITPOINT WARNING * * *
You feel sick.
The giant mite bites you but does no damage.
The crimson imp hits you but does no damage.
Drink which item? (? for menu, Esc to quit)
You feel refreshed.
It was a potion of restore abilities.
The giant mite bites you.
You die...

#####################
....................#
...............s....#≈≈≈.
...............5@.w..#
....................##
....................#
...........(........#
....................#
......>.............#
##.......#########..#
#.......# ..# #.......#


You could see a worm, a crimson imp and a giant mite.

Vanquished Creatures
  A worker ant (D:4)
  3 adders
  A worm (D:2)
  6 orcs
  3 giant cockroaches
  5 hobgoblins
  2 ball pythons
  17 bats
  3 giant newts
  7 goblins
  10 kobolds
  5 rats
63 creatures vanquished.

Notes
Turn   | Place    | Note
--------------------------------------------------------------
     0 | D:1      | Jenx, the Djinni Fire Elementalist, began the quest for the Orb.
     0 | D:1      | Reached XP level 1. HP: 14/14 MP: 0/0
   512 | D:1      | Reached XP level 2. EP: 20/22
   522 | D:1      | Learned a level 2 spell: Throw Flame
  1215 | D:2      | Noticed Terence
  1222 | D:2      | Reached skill level 5 in Fire Magic
  1270 | D:2      | Reached XP level 3. EP: 23/27
  1278 | D:2      | Learned a level 3 spell: Conjure Flame
  3324 | D:3      | Reached skill level 6 in Fire Magic
  3324 | D:3      | Reached XP level 4. EP: 28/35
  4062 | D:4      | Noticed Prince Ribbit
  4272 | D:4      | Noticed a phantom
  4560 | D:4      | Reached skill level 7 in Fire Magic
  4597 | D:5      | Entered Level 5 of the Dungeon
  4889 | D:4      | HP: 1/35 [poisoned by a giant mite]
  4890 | D:4      | Slain by a giant mite

Action                   |  1- 3 |  4- 6 || total
-------------------------+-------+-------++-------
Melee: Mace              |   133 |   104 ||   237
Throw: Dart              |   109 |    18 ||   127
 Cast: Flame Tongue      |    13 |       ||    13
       Throw Flame       |    14 |     5 ||    19
       Conjure Flame     |     9 |       ||     9
Evoke: Wand              |       |     2 ||     2
  Use: Potion            |     1 |     1 ||     2
       Scroll            |       |     1 ||     1
 Stab: Sleeping          |     2 |     1 ||     3
       Distracted        |       |     1 ||     1
